 Dungeon Crawl Stone Soup version 0.24.1-8-ga250c9d538 (webtiles) character file.

Game seed: 7654645054002647977, levelgen mode: deterministic

23 Hugehornet the Insei (level 2, -2/18 HPs)
             Began as an Octopode Transmuter on May 5, 2020.
             Slain by a gnoll
             ... wielding a +0 spear
              (8 damage)
             ... on level 1 of the Dungeon.
             The game lasted 00:01:07 (757 turns).

Hugehornet the Insei (Octopode Transmuter)           Turns: 757, Time: 00:01:07

Health: -2/18      AC:  1    Str:  9    XL:     2   Next: 95%
Magic:  3/5        EV: 13    Int: 15    God:
Gold:   32         SH:  0    Dex: 12    Spells: 2/5 levels left

rFire    . . .     SeeInvis .     - Unarmed
rCold    . . .     Gourm    .   (no shield)
rNeg     . . .     Faith    .   (helmet restricted)
rPois    .         Spirit   .   (no amulet)
rElec    .         Reflect  .   (no ring)
rCorr    .         Harm     .   (no ring)
MR       .....                  (no ring)
Stlth    ++........             (no ring)
HPRegen  0.06/turn              (no ring)
MPRegen  0.09/turn              (no ring)
                                (no ring)
                                (no ring)

@: appendage, very slightly contaminated
A: almost no armour, stealthy swim, amphibious, 8 rings, constrict 8, tentacle
spike 3, camouflage 1, gelatinous body 1
a: End Transformation


You were on level 1 of the Dungeon.
You were not hungry.
One of your tentacles had a temporary spike.
You visited 1 branch of the dungeon, and saw 1 of its levels.

You collected 32 gold pieces.

Inventory:

Missiles
 a - 31 arrows
Scrolls
 d - a scroll of identify {unknown}
 f - a scroll of fear {unknown}
Potions
 e - a potion of flight {unknown}
Comestibles
 b - 3 chunks of flesh
 c - 3 rations


   Skills:
 + Level 1.1 Fighting
 + Level 2.1 Dodging
 + Level 0.5 Stealth
 * Level 3.2 Unarmed Combat
 + Level 2.0 Spellcasting
 + Level 2.8 Transmutations


You had 2 spell levels left.
You knew the following spells:

 Your Spells              Type           Power        Failure   Level  Hunger
a - Beastly Appendage     Tmut           #.....       7%          1    #......
b - Sticks to Snakes      Tmut           #.......     11%         2    ###....

Your spell library contained the following spells:

 Spells                   Type           Power        Failure   Level  Hunger
 Spider Form              Tmut/Pois      #.........   36%         3    ###....
 Ice Form                 Ice/Tmut       #.......     77%         4    #####..
 Blade Hands              Tmut           #.........   89%         5    ######.


Dungeon Overview and Level Annotations

Branches:
Dungeon (1/15)

Altars:


Innate Abilities, Weirdness & Mutations

You cannot wear most types of armour.
You are very stealthy in the water. (Stealth+)
You are amphibious.
You can wear up to eight rings at the same time.
You can use your tentacles to constrict eight enemies at once.
Your skin changes colour to match your surroundings (Stealth+).
Your rubbery body absorbs attacks. (AC +1, EV +1)
One of your tentacles bears a large vicious spike.


Message History

You are very lightly contaminated with residual magic.
Nothing appears to happen.
Casting: Beastly Appendage (safe; 7% risk of failure)
Confirm with . or Enter, or press ? or * to list all spells.
One of your tentacles grows a vicious spike.
The gnoll shouts!
The gnoll hits you from afar with a +0 spear!
Ouch! That really hurt!
The gnoll closely misses you.
You tentacle-slap the gnoll. Your grab misses the gnoll.
The gnoll is lightly wounded.
The gnoll hits you with a +0 spear.
You tentacle-slap the gnoll. Your grab misses the gnoll.
The gnoll is moderately wounded.
The gnoll closely misses you.
You tentacle-slap the gnoll but do no damage.
Your grab misses the gnoll. Your squeeze misses the gnoll.
The gnoll is moderately wounded.
The gnoll hits you with a +0 spear!
You die...

#...#..# #...
.......# ..#..
.......# .....
..<....# #.#
######## #.#
#.# #.# #g#
#@#
#.#########
#.........#
#########.##
##...##
###.#.#.######
.#
#)..>.........
.#
#.#.#.#.#####.
.##.#
#.##...##


You could see a gnoll.

Vanquished Creatures
  2 dart slugs (D:1)
  A giant cockroach (D:1)
  2 hobgoblins (D:1)
  3 bats (D:1)
  2 frilled lizards (D:1)
  5 goblins (D:1)
  2 kobolds (D:1)
  A rat (D:1)
18 creatures vanquished.

Notes
Turn   | Place    | Note
-------+----------+-------------------------------------------
     0 | D:1      | Hugehornet the Octopode Transmuter began the quest for the
                  | Orb.
     0 | D:1      | Reached XP level 1. HP: 13/13 MP: 3/3
   294 | D:1      | Reached XP level 2. HP: 12/18 MP: 3/5
   750 | D:1      | Learned a level 2 spell: Sticks to Snakes
   757 | D:1      | Slain by a gnoll

Levels and vault maps discovered:
D:1:      shiori_arrival_oz, layout_loops_ring, minmay_pentomino_z2

Action                   || total
-------------------------++-------
Melee: Unarmed           ||    43
       Constrict         ||    10
       Tentacles         ||     7
       Kick              ||     5
       Punch             ||     1
 Cast: Beastly Appendage ||    12
 Stab: Sleeping          ||     4
Armor: Skin              ||     6
Dodge: Dodged            ||    21
